 Dungeon Crawl Stone Soup version 0.29.0-11-gd7f09526c8 (webtiles) character file.

Game seed: 9501444404309638754

1446 Strat the Slicer (level 8, -12/51 HPs)
             Began as a Vampire Abyssal Knight on Sept 4, 2022.
             Was an Elder of Lugonu.
             Mangled by a yak (13 damage)
             ... on level 7 of the Dungeon.
             The game lasted 00:13:45 (7502 turns).

Strat the Slicer (Vampire Abyssal Knight)           Turns: 7502, Time: 00:13:46

Health: -12/51     AC:  6    Str: 12    XL:     8   Next: 46%
Magic:  10/10      EV: 12    Int: 13    God:    Lugonu [****..]
Gold:   343        SH:  0    Dex: 16    Spells: 1/7 levels left

rFire   . . .      SeeInvis +   a - +2 short sword
rCold   + + .      Faith    .   (no shield)
rNeg    + + +      Spirit   .   b - +0 leather armour
rPois   ∞          Reflect  .   g - +1 helmet
rElec   .          Harm     .   (no cloak)
rCorr   .          Rampage  +   (no gloves)
Will    .....                   m - +0 pair of boots {rampage}
Stlth   +++++.....              j - amulet of the acrobat
HPRegen 0.00/turn               (no ring)
MPRegen 0.12/turn               (no ring)

@: bloodless, inhibited regen
A: bloodless, fangs 3, see invisible, vampiric 2
a: Bat Form, Revivify, Renounce Religion, Depart the Abyss, Bend Space, Banish,
Corrupt


You were on level 7 of the Dungeon.
You worshipped Lugonu.
Lugonu was greatly pleased with you.
You visited 1 branch of the dungeon, and saw 7 of its levels.
You visited the Abyss 1 time.

You collected 343 gold pieces.

Inventory:

Hand Weapons
 a - a +2 short sword (weapon)
Armour
 b - a +0 leather armour (worn)
 g - a +1 helmet (worn)
 h - a +0 ring mail
 m - a +0 pair of boots of rampaging (worn)
Jewellery
 j - an amulet of the acrobat (around neck)
 w - an amulet of faith
Scrolls
 c - 3 scrolls of teleportation
 f - 5 scrolls of noise
 l - 2 scrolls of magic mapping
 o - a scroll of identify
 q - a scroll of poison
 r - a scroll of enchant armour
 x - a scroll of enchant weapon
Potions
 i - a potion of cancellation
 k - 2 potions of heal wounds {unknown}
 n - 3 potions of brilliance
 p - a potion of might {unknown}
 s - 2 potions of magic {unknown}
 t - a potion of flight {unknown}
 u - 4 potions of lignification {unknown}
 v - 3 potions of degeneration {unknown}


   Skills:
 - Level 6.0 Fighting
 + Level 8.3 Short Blades
 - Level 0.7 Armour
 - Level 2.1 Dodging
 - Level 5.0 Stealth
 + Level 3.4 Invocations


You had one spell level left.
You knew the following spells:

 Your Spells              Type           Power      Damage    Failure   Level
a - Confusing Touch       Hex            0%         N/A       75%         3
b - Vampiric Draining     Necr           0%         2d6       75%         3

Your spell library contained the following spells:

 Spells                   Type           Power      Damage    Failure   Level
 Slow                     Hex            0%         N/A       36%         1
 Inner Flame              Hex/Fire       0%         N/A       75%         3
 Animate Dead             Necr           0%         N/A       98%         4
 Cause Fear               Hex            0%         N/A       98%         4
 Borgnjor's Vile Clutch   Necr/Erth      0%         N/A       100%        5
 Iskenderun's Battlesphe  Conj           0%         2d6       100%        5
 Death Channel            Necr           0%         N/A       100%        6
 Iron Shot                Conj/Erth      0%         9d1       100%        6
 Spellforged Servitor     Conj/Summ      0%         N/A       100%        7
 Discord                  Hex            0%         N/A       100%        8


Dungeon Overview and Level Annotations

Branches:
Dungeon (7/15)             Temple (0/1) D:7

Altars:
Nemelex Xobeh
Sif Muna

Annotations:
D:3 Sigmund
D:4 3 runed translucent doors, hilljack's ghost, amateur HuHu


Innate Abilities, Weirdness & Mutations

You do not regenerate when monsters are visible.
You are frail without blood (-20% HP).
You can heal yourself when you bite living creatures.
You are immune to poison.
You have razor-sharp teeth.
You have supernaturally acute eyesight. (SInv)
You are afflicted with vampirism and can become a bat while bloodless.


Message History

* * * LOW HITPOINT WARNING * * *
You closely miss the yak.
The yak is moderately wounded.
You hit the yak but do no damage.
The yak is moderately wounded.
The yak gores you!
* * * LOW HITPOINT WARNING * * *
You hit the yak.
The yak is moderately wounded.
The yak gores you.
* * * LOW HITPOINT WARNING * * *
You barely miss the yak.
The yak is moderately wounded.
You hit the yak.
The yak is moderately wounded.
The yak gores you but does no damage.
You feel better. The yak closely misses you.
You aren't carrying any items that you can evoke.
You hit the yak. Your bite misses the yak.
The yak is heavily wounded.
The yak gores you!
* * * LOW HITPOINT WARNING * * *
You hit the yak but do no damage.
The yak is heavily wounded.
You puncture the yak! Your bite misses the yak.
The yak is severely wounded.
The yak closely misses you.
You hit the yak but do no damage.
The yak is severely wounded.
The yak gores you!
* * * LOW HITPOINT WARNING * * *
You hit the yak. You bite the yak, but do no damage.
The yak is severely wounded.
You hit the yak.
The yak is almost dead.
The yak barely misses you.
You hit the yak.
The yak is almost dead.
The yak gores you!
You die...

.........#.............#
.......................#
.........#.............#
.....#####.............#
.....# ###.............#
.....# #......)........#
########...............#
#.....#....####.#######
#.....#....# #@#
##.....#########Y#
.............>##.###
##.....###.........#
#.....# #.........#
#.....# #.........#
#.....###.........#
#.......####.######
...#.Y.#.........#


You could see a yak.

Vanquished Creatures
  A water moccasin (D:7)
  2 ice beasts (D:6)
  A centaur (D:6)
  A phantom (D:5)
  2 bullfrogs
  2 necrophages (D:6)
  4 scorpions
  An orc priest (D:4)
  3 hounds
  An iguana (D:6)
  An orc wizard (D:6)
  11 adders
  A shadow imp (D:7)
  4 white imps
  2 ufetubi (D:5)
  A worm (D:4)
  3 dart slugs
  9 orcs
  5 ball pythons
  3 endoplasms
  2 giant cockroaches
  6 goblins
  7 hobgoblins
  5 jackals
  6 quokkas
  2 bats
  5 frilled lizards
  8 kobolds
  5 rats
104 creatures vanquished.

Vanquished Creatures (collateral kills)
  A howler monkey (D:5)
  A hound (D:5)
  A jelly (D:5)
  2 adders (D:5)
  An orc (D:5)
6 creatures vanquished.

Vanquished Creatures (others)
  2 plants (D:2)
2 creatures vanquished.

Grand Total: 112 creatures vanquished

Notes
Turn   | Place    | Note
-------+----------+-------------------------------------------
     0 | Abyss:1  | Strat the Vampire Abyssal Knight began the quest for the
                  | Orb.
     0 | Abyss:1  | Reached XP level 1. HP: 17/17 MP: 2/2
     5 | D:1      | Escaped the Abyss
   335 | D:1      | Reached XP level 2. HP: 17/23 MP: 3/3
   404 | D:1      | Reached skill level 3 in Short Blades
   774 | D:1      | Reached *** piety under Lugonu
   912 | D:2      | Gained mutation: You are afflicted with vampirism and can
                  | become a bat while bloodless. [Vampire growth]
   912 | D:2      | Reached XP level 3. HP: 29/29 MP: 4/4
  1096 | D:2      | Reached skill level 4 in Short Blades
  1439 | D:2      | Reached XP level 4. HP: 28/28 MP: 5/5
  1442 | D:2      | Found a faded altar of an unknown god.
  1968 | D:3      | Noticed Sigmund
  2197 | D:3      | Reached XP level 5. HP: 32/33 MP: 6/6
  2633 | D:4      | Found a runed translucent gate.
  2635 | D:4      | Reached skill level 5 in Short Blades
  2640 | D:4      | Found a runed translucent gate.
  2640 | D:4      | Noticed hilljack's ghost (amateur HuHu)
  2642 | D:4      | Found a runed translucent gate.
  3771 | D:5      | Entered Level 5 of the Dungeon
  3809 | D:5      | Noticed a phantom
  3829 | D:5      | Reached skill level 6 in Short Blades
  3829 | D:5      | Reached XP level 6. HP: 15/38 MP: 7/7
  3836 | D:5      | Reached skill level 1 in Stealth
  4108 | D:6      | Noticed an ice beast
  4497 | D:6      | Reached XP level 7. HP: 28/44 MP: 8/8
  4700 | D:6      | Found a sparkling altar of Nemelex Xobeh.
  5043 | D:5      | Reached skill level 7 in Short Blades
  5277 | D:5      | Reached skill level 5 in Fighting
  5277 | D:5      | Reached skill level 5 in Stealth
  5419 | D:5      | Reached **** piety under Lugonu
  5453 | D:5      | Noticed a kobold demonologist
  5479 | D:5      | Noticed a ynoxinul
  5908 | D:6      | Reached XP level 8. HP: 50/50 MP: 9/9
  6482 | D:7      | Reached skill level 8 in Short Blades
  6527 | D:7      | Found a shimmering blue altar of Sif Muna.
  6843 | D:7      | Found a staircase to the Ecumenical Temple.
  7022 | D:7      | Noticed a gargoyle
  7331 | D:7      | Learned a level 3 spell: Confusing Touch
  7335 | D:7      | Learned a level 3 spell: Vampiric Draining
  7499 | D:7      | HP: 1/51 [yak (12)]
  7502 | D:7      | Mangled by a yak

Illustrated notes

Levels and vault maps discovered:
D:1:      minmay_arrival_open_corners, layout_loops_ring
D:2:      layout_basic, shapermc_ecumenical_altar_mp_ritualfount,
          kennysheep_generic_room_11
D:3:      layout_basic, serial_undead, serial_undead_e, serial_undead_f,
          serial_undead_c, serial_undead_b, uniq_sigmund
D:4:      layout_basic, gammafunk_ghost_nasty_kobolds, minmay_misc_feat_columns
D:5:      layout_basic, minivault_11
D:6:      minmay_general_purpose_star, layout_basic,
          nemelex_xobeh_ov_fountains_minmay, kennysheep_generic_room_12
D:7:      layout_basic, mainiacjoe_overflow_boulevard,
          minmay_temple_entry_crystal_x, kennysheep_generic_room_2

Skill      XL: |  1  2  3  4  5  6  7  8 |
---------------+-------------------------+-----
Short Blades   | 3 4 6 7 8 |  8.3
Fighting       | 3 4 5 6 |  6.0
Stealth        | 3 5 |  5.0
Invocations    | 2 3 |  3.4
Armour         | |  0.7
Dodging        | |  2.1

Action                   |  1- 3 |  4- 6 |  7- 9 || total
-------------------------+-------+-------+-------++-------
Melee: Short sword       |   116 |   155 |   267 ||   538
       Bite              |    10 |    15 |    38 ||    63
       Punch             |     2 |     1 |     4 ||     7
 Abil: Exsanguinate      |     1 |       |       ||     1
  Use: Scroll            |       |    10 |     5 ||    15
       Potion            |       |       |     4 ||     4
 Stab: Sleeping          |     2 |    15 |     5 ||    22
       Distracted        |       |       |     1 ||     1
Armor: Leather armour    |    34 |    34 |    55 ||   123
Dodge: Dodged            |    63 |    78 |   126 ||   267
